Monarchs vs Ice Dragons
Created - 26 décembre 2014 at 19:14
Goals
|
| Monarchs |
1 |
2 |
1 |
4 |
| Ice Dragons |
0 |
1 |
1 |
2 |
|
Shots
|
| Monarchs |
5 |
10 |
6 |
21 |
| Ice Dragons |
8 |
10 |
11 |
29 |
|
1st period
1. Monarchs , Matt Irwin 8 (James Van Riemsdyk, Jordan Nolan) at 15:56 (PP)
Penalties :
Brad Staubitz (Kin) for Roughing (Minor) at 8:53, Martin Hanzal (Kin) for Boarding (Minor) at 11:33, Niklas Sundstrom (Kin) for Holding (Minor) at 15:50, Shawn Belle (MAN) for Holding (Minor) at 16:12
2nd period
2. Ice Dragons , Nigel Dawes 8 (Jeff Tambellini) at 6:22 (PP)
3. Monarchs , James Van Riemsdyk 10 (Kyle Okposo, Keith Ballard) at 6:34
4. Monarchs , Richard Park 11 (Brock Trotter, Frederic St-Denis) at 8:44
Penalties :
Jordan Nolan (MAN) for Hooking (Minor) at 0:20, Boris Valabik (Kin) for Fighting (Major) at 5:47, Peter Schaefer (MAN) for Fighting (Major) at 5:47, Peter Schaefer (MAN) for instigated a fight (Minor) at 5:47, Peter Schaefer (MAN) for instigated a fight (10 Minutes Misconduct) at 5:47, Niklas Sundstrom (Kin) for Hooking (Minor) at 9:18, Shawn Belle (MAN) for Interference (Minor) at 12:12
3rd period
5. Ice Dragons , Jeff Tambellini 22 (Martin Hanzal) at 1:18
6. Monarchs , Peter Schaefer 15 (Brian Gionta, Jarret Stoll) at 19:28
Penalties :
Mats Zuccarello (Kin) for Slashing (Minor) at 19:31
Goalie Stats
Richard Bachman (MAN), 27 saves from 29 shots - (0,931), W, 11-5-1, 60:00 minutes
Justin Pogge (Kin), 17 saves from 21 shots - (0,810), L, 10-6-4, 60:00 minutes
Players Stats for Monarchs
Player Name G A P +/- PIM S H SB GA TA FO MP PP MP PK MP
------------------------------------------------------------------------------------
Brian Gionta 0 1 1 1 0 1 3 0 1 0 7/7 21:28 3:03 3:55
Brock Trotter 0 1 1 0 0 1 0 0 1 0 1/3 15:40 3:03 2:47
Cody Eakin 0 0 0 0 0 2 4 0 0 0 1/6 17:51 3:00 0:33
Dana Tyrell 0 0 0 0 0 0 0 0 0 0 0/0 0:39 0:00 0:00
David Clarkson 0 0 0 0 0 3 1 0 0 0 0/0 11:28 0:00 0:00
Frederic St-Denis 0 1 1 1 0 0 0 1 0 0 0/0 14:27 0:00 1:44
Ian Cole 0 0 0 1 0 0 1 0 0 0 0/0 15:43 0:00 0:07
Jake Muzzin 0 0 0 0 0 0 0 1 0 0 0/0 21:40 3:17 2:51
James Van Riemsdyk 1 1 2 1 0 3 2 0 0 0 0/1 18:49 3:28 1:27
Jarret Stoll 0 1 1 1 0 0 1 0 0 0 5/9 16:54 0:00 1:21
Jordan Nolan 0 1 1 1 2 1 3 0 0 0 7/17 18:29 3:15 0:29
Keith Ballard 0 1 1 1 0 3 0 0 2 1 0/0 26:51 3:14 3:41
Kyle Okposo 0 1 1 1 0 0 4 1 1 0 1/1 17:27 3:28 0:00
Matt Irwin 1 0 1 1 0 1 0 0 1 1 0/0 26:03 3:14 3:41
Matt Martin 0 0 0 0 0 0 0 0 0 1 0/0 8:57 0:00 0:10
Peter Schaefer 1 0 1 1 17 2 1 0 0 1 0/0 15:54 0:00 2:22
Richard Park 1 0 1 0 0 3 0 0 0 0 0/0 12:44 0:16 0:00
Shawn Belle 0 0 0 0 4 1 1 0 0 1 0/0 12:20 3:17 1:00
Players Stats for Ice Dragons
Player Name G A P +/- PIM S H SB GA TA FO MP PP MP PK MP
------------------------------------------------------------------------------------
Boris Valabik 0 0 0 -1 5 0 1 1 0 0 0/0 22:17 3:01 2:50
Brad Staubitz 0 0 0 0 2 3 2 0 0 0 0/0 10:29 0:00 0:00
Brayden McNabb 0 0 0 -1 0 0 0 0 0 0 0/0 7:35 0:00 0:18
Cal Clutterbuck 0 0 0 -1 0 0 2 0 0 0 1/2 19:53 3:54 1:11
Danny Syvret 0 0 0 1 0 0 1 1 0 0 0/0 17:55 2:56 2:41
Eric Mestery 0 0 0 -1 0 1 0 1 0 0 0/0 7:17 0:00 0:00
Jeff Tambellini 1 1 2 -1 0 4 2 0 0 2 0/1 19:21 2:38 2:20
Jonathan Blum 0 0 0 0 0 0 0 0 0 0 0/0 13:21 2:56 0:47
Kevin Klein 0 0 0 -2 0 0 1 0 0 0 0/0 25:30 3:36 3:50
Kris Beech 0 0 0 -1 0 1 1 1 1 0 5/6 16:11 2:38 1:19
Marc-Antoine Pouliot 0 0 0 0 0 4 0 0 1 0 3/4 10:41 0:00 0:17
Martin Hanzal 0 1 1 -1 2 4 4 0 0 2 6/21 18:17 3:54 0:00
Mats Zuccarello 0 0 0 -1 2 2 4 0 0 1 0/0 16:21 3:54 0:00
Matt Walker 0 0 0 1 0 0 0 1 0 0 0/0 14:39 0:00 2:41
Nigel Dawes 1 0 1 0 0 4 2 0 0 0 0/0 12:35 2:38 0:11
Niklas Sundstrom 0 0 0 -1 4 2 0 0 1 0 3/3 14:10 0:00 2:22
Patrick O'Sullivan 0 0 0 0 0 0 0 0 1 0 3/5 9:50 0:00 0:00
Shean Donovan 0 0 0 0 0 1 1 1 0 0 0/0 13:25 0:00 3:35
Tim Kennedy 0 0 0 0 0 1 1 0 1 1 1/2 12:11 0:00 1:47
Tyler Eckford 0 0 0 -1 0 2 0 0 0 0 0/0 11:30 0:35 0:00
3 Stars
1 - James Van Riemsdyk (MAN)
2 - Jeff Tambellini (Kin)
3 - Kyle Okposo (MAN)
Power Play
Monarchs - 1 on 5 Attempt(s) - 20,00%
Ice Dragons - 1 on 4 Attempt(s) - 25,00%
Penalty Kill
Monarchs - 3 on 4 Attempt(s) - 75,00%
- Score 0 goal in Penalty Kill
Ice Dragons - 4 on 5 Attempt(s) - 80,00%
- Score 0 goal in Penalty Kill
Official
Referees : Auger Stephane and Leggo Mike
Linesman : Steve Barton and Shane Heyer
Game Notes
Peter Schaefer beats up Boris Valabik at 5:47 of 2nd period
Shawn Belle is injured at 18:32 of 2nd period (Strained Left Elbow)
Finance
Level 1 -- Attendance: 1316 (65,80%) -- Ticket Income 46 060 $
Level 2 -- Attendance: 697 (69,70%) -- Ticket Income 10 455 $
Total Attendance: 2013 (67,10%)
Total Ticket Income: 56 515 $
Other Income: 2 826 $
Total Income: 59 341 $
Monarchs
5 vs 5 Forward
Center Left Wing Right Wing Time % Phy DF OF
1 Jarret Stoll Peter Schaefer Brian Gionta 35 1 2 2
2 Jordan Nolan James Van Riemsdyk Kyle Okposo 35 2 1 2
3 Cody Eakin Brock Trotter Richard Park 20 1 2 2
4 Cody Eakin Matt Martin David Clarkson 10 1 2 2
5 vs 5 Defense
Defense Defense Time % Phy DF OF
1 Keith Ballard Matt Irwin 40 1 2 2
2 Shawn Belle Jake Muzzin 30 1 2 2
3 Ian Cole Frederic St-Denis 20 1 2 2
4 Jake Muzzin Keith Ballard 10 1 2 2
PowerPlay Forward
Center Left Wing Right Wing Time % Phy DF OF
1 Jordan Nolan James Van Riemsdyk Kyle Okposo 60 1 2 2
2 Cody Eakin Brock Trotter Brian Gionta 40 1 2 2
PowerPlay Defense
Defense Defense Time % Phy DF OF
1 Keith Ballard Matt Irwin 60 1 2 2
2 Shawn Belle Jake Muzzin 40 1 2 2
Penalty Kill 4 Players Forward
Center Wing Time % Phy DF OF
1 Brian Gionta Peter Schaefer 60 1 2 2
2 Jarret Stoll Jordan Nolan 40 1 2 2
Penalty Kill 4 Players Defense
Defense Defense Time % Phy DF OF
1 Keith Ballard Matt Irwin 60 1 2 2
2 Shawn Belle Jake Muzzin 40 1 2 2
Penalty Kill - 3 Players Forward
Forward Time % Phy DF OF
1 Brian Gionta 60 1 2 2
2 Peter Schaefer 40 1 2 2
Penalty Kill - 3 Players Defense
Defense Defense Time % Phy DF OF
1 Keith Ballard Matt Irwin 60 1 2 2
2 Shawn Belle Jake Muzzin 40 1 2 2
4 vs 4 Forward
Center Wing Time % Phy DF OF
1 Brian Gionta Peter Schaefer 60 1 2 2
2 Jarret Stoll Jordan Nolan 40 1 2 2
4 vs 4 Defense
Defense Defense Time % Phy DF OF
1 Keith Ballard Matt Irwin 60 1 2 2
2 Shawn Belle Jake Muzzin 40 1 2 2
Last Minutes Offensive
Center Left Wing Right Wing Defense Defense
Jordan Nolan Peter Schaefer Brian Gionta Keith Ballard Matt Irwin
Last Minutes Defensive
Center Left Wing Right Wing Defense Defense
Jarret Stoll Peter Schaefer Brian Gionta Keith Ballard Matt Irwin
Goaltenders
Starting : Richard Bachman
Backup : Jonas Gustavsson
Extra Forwards
Normal : Richard Park, David Clarkson, Brock Trotter - PP : Richard Park, David Clarkson - PK : Brock Trotter
Extra Defensemen
Normal : Ian Cole, Frederic St-Denis, Jake Muzzin - PP : Ian Cole - PK : Frederic St-Denis, Jake Muzzin
Penalty Shots
Brian Gionta, Peter Schaefer, Jarret Stoll, Jordan Nolan, Kyle Okposo
Ice Dragons
5 vs 5 Forward
Center Left Wing Right Wing Time % Phy DF OF
1 Martin Hanzal Jeff Tambellini Cal Clutterbuck 40 1 1 3
2 Kris Beech Mats Zuccarello Niklas Sundstrom 30 1 1 3
3 Patrick O'Sullivan Nigel Dawes Shean Donovan 20 2 1 2
4 Marc-Antoine Pouliot Tim Kennedy Brad Staubitz 10 0 3 2
5 vs 5 Defense
Defense Defense Time % Phy DF OF
1 Boris Valabik Kevin Klein 40 0 3 2
2 Matt Walker Danny Syvret 30 2 2 1
3 Tyler Eckford Jonathan Blum 20 2 2 1
4 Brayden McNabb Eric Mestery 10 2 3 0
PowerPlay Forward
Center Left Wing Right Wing Time % Phy DF OF
1 Martin Hanzal Mats Zuccarello Cal Clutterbuck 60 1 1 3
2 Kris Beech Nigel Dawes Jeff Tambellini 40 1 1 3
PowerPlay Defense
Defense Defense Time % Phy DF OF
1 Boris Valabik Kevin Klein 60 1 1 3
2 Jonathan Blum Danny Syvret 40 1 1 3
Penalty Kill 4 Players Forward
Center Wing Time % Phy DF OF
1 Niklas Sundstrom Shean Donovan 60 1 4 0
2 Jeff Tambellini Cal Clutterbuck 40 1 4 0
Penalty Kill 4 Players Defense
Defense Defense Time % Phy DF OF
1 Boris Valabik Kevin Klein 60 1 4 0
2 Matt Walker Danny Syvret 40 1 4 0
Penalty Kill - 3 Players Forward
Forward Time % Phy DF OF
1 Cal Clutterbuck 60 1 4 0
2 Shean Donovan 40 1 4 0
Penalty Kill - 3 Players Defense
Defense Defense Time % Phy DF OF
1 Boris Valabik Kevin Klein 60 1 4 0
2 Matt Walker Danny Syvret 40 1 4 0
4 vs 4 Forward
Center Wing Time % Phy DF OF
1 Martin Hanzal Niklas Sundstrom 60 1 3 1
2 Patrick O'Sullivan Kris Beech 40 1 3 1
4 vs 4 Defense
Defense Defense Time % Phy DF OF
1 Boris Valabik Kevin Klein 60 1 3 1
2 Matt Walker Danny Syvret 40 1 3 1
Last Minutes Offensive
Center Left Wing Right Wing Defense Defense
Martin Hanzal Jeff Tambellini Cal Clutterbuck Boris Valabik Kevin Klein
Last Minutes Defensive
Center Left Wing Right Wing Defense Defense
Jeff Tambellini Cal Clutterbuck Shean Donovan Matt Walker Kevin Klein
Goaltenders
Starting : Justin Pogge
Backup : Anders Nilsson
Extra Forwards
Normal : Cal Clutterbuck, Mats Zuccarello, Nigel Dawes - PP : Cal Clutterbuck, Mats Zuccarello - PK : Tim Kennedy
Extra Defensemen
Normal : Tyler Eckford, Jonathan Blum, Brayden McNabb - PP : Tyler Eckford - PK : Jonathan Blum, Brayden McNabb
Penalty Shots
Martin Hanzal, Niklas Sundstrom, Jeff Tambellini, Kris Beech, Shean Donovan
% Time on Ice - Monarchs
Lines # - Real PCT - Wanted PCT - Time Play
Normal Forward
1 - 32% - 35% - 14:40
2 - 32% - 35% - 14:58
3 - 17% - 20% - 7:51
4 - 19% - 10% - 8:44
Normal Defense
1 - 38% - 40% - 17:25
2 - 42% - 30% - 19:16
3 - 17% - 20% - 7:52
4 - 4% - 10% - 1:40
PP Forward
1 - 53% - 60% - 3:28
2 - 47% - 40% - 3:03
PP Defense
1 - 50% - 60% - 3:14
2 - 50% - 40% - 3:17
PK Forward
1 - 79% - 60% - 5:11
2 - 21% - 40% - 1:21
PK Defense
1 - 56% - 60% - 3:41
2 - 44% - 40% - 2:51
PK3 Forward
1 - 0% - 60%
2 - 0% - 40%
PK3 Defense
1 - 0% - 60%
2 - 0% - 40%
44 Forward
1 - 0% - 60%
2 - 0% - 40%
44 Defense
1 - 0% - 60%
2 - 0% - 40%
Last Minute Offensive - 0:00
Last Minute Defensive - 0:44
Total
Forward - 60:00
Defense - 60:00
|
% Time on Ice - Ice Dragons
Lines # - Real PCT - Wanted PCT - Time Play
Normal Forward
1 - 30% - 40% - 13:40
2 - 27% - 30% - 12:20
3 - 21% - 20% - 9:50
4 - 22% - 10% - 10:24
Normal Defense
1 - 38% - 40% - 17:21
2 - 27% - 30% - 12:18
3 - 20% - 20% - 9:18
4 - 16% - 10% - 7:17
PP Forward
1 - 60% - 60% - 3:54
2 - 40% - 40% - 2:38
PP Defense
1 - 55% - 60% - 3:36
2 - 45% - 40% - 2:56
PK Forward
1 - 82% - 60% - 5:20
2 - 18% - 40% - 1:11
PK Defense
1 - 59% - 60% - 3:50
2 - 41% - 40% - 2:41
PK3 Forward
1 - 0% - 60%
2 - 0% - 40%
PK3 Defense
1 - 0% - 60%
2 - 0% - 40%
44 Forward
1 - 0% - 60%
2 - 0% - 40%
44 Defense
1 - 0% - 60%
2 - 0% - 40%
Last Minute Offensive - 0:43
Last Minute Defensive - 0:00
Total
Forward - 60:00
Defense - 60:00
|
Play by Play
1st period
0:01 of 1st period - Martin Hanzal wins face-off versus Jarret Stoll in neutral zone.
0:38 of 1st period - Icing by Matt Walker.
0:39 of 1st period - Kris Beech wins face-off versus Cody Eakin in Ice Dragons zone.
1:13 of 1st period - Wrist shot by Patrick O'Sullivan.
1:13 of 1st period - Shot Misses the Net.
1:27 of 1st period - Shawn Belle is hit by Brad Staubitz and loses puck.
1:34 of 1st period - Snap shot by Marc-Antoine Pouliot.
1:34 of 1st period - Stopped by Richard Bachman with a rebound.
1:36 of 1st period - Slapshot by Tyler Eckford.
1:36 of 1st period - Shot Misses the Net.
1:38 of 1st period - Wrist shot by Brad Staubitz.
1:38 of 1st period - Stopped by Richard Bachman without a rebound.
1:39 of 1st period - Jarret Stoll wins face-off versus Martin Hanzal in Monarchs zone.
2:52 of 1st period - Icing by Peter Schaefer.
2:53 of 1st period - Jarret Stoll wins face-off versus Marc-Antoine Pouliot in Monarchs zone.
3:06 of 1st period - Wrist shot by Tim Kennedy.
3:06 of 1st period - Shot Misses the Net.
3:21 of 1st period - Slapshot by Tim Kennedy.
3:21 of 1st period - Shot Misses the Net.
3:23 of 1st period - Slapshot by Danny Syvret.
3:23 of 1st period - Shot Misses the Net.
3:33 of 1st period - Wrist shot by Tim Kennedy.
3:33 of 1st period - Shot Blocked by Frederic St-Denis.
3:39 of 1st period - Wrist shot by Marc-Antoine Pouliot.
3:39 of 1st period - Shot Misses the Net.
4:07 of 1st period - Snap shot by Tim Kennedy.
4:07 of 1st period - Stopped by Richard Bachman without a rebound.
4:08 of 1st period - Brock Trotter wins face-off versus Martin Hanzal in Monarchs zone.
4:23 of 1st period - Wrist shot by Martin Hanzal.
4:23 of 1st period - Stopped by Richard Bachman with a rebound.
4:52 of 1st period - Shean Donovan is hit by Cody Eakin and loses puck.
5:01 of 1st period - Snap shot by Nigel Dawes.
5:01 of 1st period - Shot Misses the Net.
5:23 of 1st period - Matt Irwin is hit by Mats Zuccarello and loses puck.
5:49 of 1st period - Matt Irwin is hit by Jeff Tambellini and loses puck.
6:55 of 1st period - Kyle Okposo is hit by Nigel Dawes and loses puck.
7:22 of 1st period - Matt Irwin is hit by Brad Staubitz and loses puck.
8:31 of 1st period - Snap shot by Nigel Dawes.
8:31 of 1st period - Stopped by Richard Bachman with a rebound.
8:33 of 1st period - Snap shot by Jeff Tambellini.
8:33 of 1st period - Shot Misses the Net.
8:35 of 1st period - Snap shot by Eric Mestery.
8:35 of 1st period - Stopped by Richard Bachman with a rebound.
8:53 of 1st period - Minor Penalty to Brad Staubitz for Roughing.
8:54 of 1st period - Niklas Sundstrom wins face-off versus Jordan Nolan in Ice Dragons zone.
9:55 of 1st period - Wrist shot by Jeff Tambellini.
9:55 of 1st period - Shot Misses the Net.
10:11 of 1st period - James Van Riemsdyk is hit by Tim Kennedy and loses puck.
10:53 of 1st period - Penalty to Brad Staubitz is over, Brad Staubitz is back on ice.
11:33 of 1st period - Minor Penalty to Martin Hanzal for Boarding.
11:34 of 1st period - Niklas Sundstrom wins face-off versus Jordan Nolan in Ice Dragons zone.
11:41 of 1st period - Wrist shot by Niklas Sundstrom.
11:41 of 1st period - Shot Misses the Net.
12:12 of 1st period - James Van Riemsdyk is hit by Danny Syvret and loses puck.
13:33 of 1st period - Penalty to Martin Hanzal is over, Martin Hanzal is back on ice.
13:56 of 1st period - Frederic St-Denis is hit by Mats Zuccarello and loses puck.
14:43 of 1st period - Icing by Jeff Tambellini.
14:44 of 1st period - Jarret Stoll wins face-off versus Martin Hanzal in Ice Dragons zone.
15:21 of 1st period - Slapshot by Niklas Sundstrom.
15:21 of 1st period - Shot Misses the Net.
15:23 of 1st period - Wrist shot by Niklas Sundstrom.
15:23 of 1st period - Stopped by Richard Bachman without a rebound.
15:24 of 1st period - Kris Beech wins face-off versus Jarret Stoll in Monarchs zone.
15:50 of 1st period - Minor Penalty to Niklas Sundstrom for Holding.
15:51 of 1st period - Jordan Nolan wins face-off versus Tim Kennedy in Ice Dragons zone.
15:54 of 1st period - Wrist shot by James Van Riemsdyk.
15:54 of 1st period - Stopped by Justin Pogge with a rebound.
15:56 of 1st period - Snap shot by Matt Irwin.
15:56 of 1st period - Goal by Matt Irwin - Monarchs : 1 - Ice Dragons : 0.
15:57 of 1st period - Martin Hanzal wins face-off versus Jordan Nolan in neutral zone.
16:10 of 1st period - Snap shot by Martin Hanzal.
16:10 of 1st period - Stopped by Richard Bachman with a rebound.
16:12 of 1st period - Minor Penalty to Shawn Belle for Holding.
16:13 of 1st period - Brian Gionta wins face-off versus Martin Hanzal in Monarchs zone.
16:23 of 1st period - Off-side.
16:24 of 1st period - Brian Gionta wins face-off versus Martin Hanzal in neutral zone.
16:34 of 1st period - Off-side.
16:35 of 1st period - Brian Gionta wins face-off versus Martin Hanzal in neutral zone.
16:49 of 1st period - Matt Irwin is hit by Martin Hanzal and loses puck.
17:38 of 1st period - Icing by Cal Clutterbuck.
17:39 of 1st period - Cal Clutterbuck wins face-off versus Brock Trotter in Ice Dragons zone.
17:55 of 1st period - Slapshot by Keith Ballard.
17:55 of 1st period - Stopped by Justin Pogge with a rebound.
18:07 of 1st period - Matt Irwin is hit by Cal Clutterbuck and loses puck.
18:12 of 1st period - Penalty to Shawn Belle is over, Shawn Belle is back on ice.
18:40 of 1st period - Kevin Klein is hit by Kyle Okposo and loses puck.
18:45 of 1st period - Slapshot by James Van Riemsdyk.
18:45 of 1st period - Shot Misses the Net.
18:47 of 1st period - Slapshot by Shawn Belle.
18:47 of 1st period - Deflect By Boris Valabik.
18:47 of 1st period - Stopped by Justin Pogge with a rebound.
19:19 of 1st period - Snap shot by Jordan Nolan.
19:19 of 1st period - Stopped by Justin Pogge with a rebound.
19:36 of 1st period - Cody Eakin is hit by Nigel Dawes and loses puck.
19:46 of 1st period - Icing by Danny Syvret.
19:47 of 1st period - Patrick O'Sullivan wins face-off versus Jarret Stoll in Ice Dragons zone.
19:47 of 1st period - Patrick O'Sullivan is hit by Ian Cole.
Goals for this period are 1 for Monarchs vs 0 for Ice Dragons.
Shots for this period are 5 for Monarchs vs 8 for Ice Dragons.
2nd period
0:01 of 2nd period - Jordan Nolan wins face-off versus Martin Hanzal in neutral zone.
0:06 of 2nd period - Slapshot by Jordan Nolan.
0:06 of 2nd period - Deflect By James Van Riemsdyk.
0:06 of 2nd period - Deflect By Cal Clutterbuck.
0:06 of 2nd period - Stopped by Justin Pogge with a rebound.
0:20 of 2nd period - Minor Penalty to Jordan Nolan for Hooking.
0:21 of 2nd period - Brian Gionta wins face-off versus Martin Hanzal in Monarchs zone.
0:32 of 2nd period - Wrist shot by Mats Zuccarello.
0:32 of 2nd period - Stopped by Richard Bachman without a rebound.
0:33 of 2nd period - Brian Gionta wins face-off versus Martin Hanzal in Monarchs zone.
0:46 of 2nd period - Slapshot by Kevin Klein.
0:46 of 2nd period - Shot Misses the Net.
2:20 of 2nd period - Penalty to Jordan Nolan is over, Jordan Nolan is back on ice.
2:34 of 2nd period - Wrist shot by James Van Riemsdyk.
2:34 of 2nd period - Shot Blocked by Boris Valabik.
4:06 of 2nd period - Off-side.
4:07 of 2nd period - Marc-Antoine Pouliot wins face-off versus Cody Eakin in neutral zone.
4:37 of 2nd period - Tim Kennedy is hit by Shawn Belle and loses puck.
4:46 of 2nd period - Slapshot by David Clarkson.
4:46 of 2nd period - Stopped by Justin Pogge with a rebound.
4:50 of 2nd period - Snap shot by David Clarkson.
4:50 of 2nd period - Stopped by Justin Pogge with a rebound.
4:52 of 2nd period - Wrist shot by Matt Martin.
4:52 of 2nd period - Deflect By David Clarkson.
4:52 of 2nd period - Stopped by Justin Pogge with a rebound.
4:54 of 2nd period - Wrist shot by Shawn Belle.
4:54 of 2nd period - Shot Blocked by Matt Walker.
4:56 of 2nd period - Slapshot by Jake Muzzin.
4:56 of 2nd period - Shot Blocked by Danny Syvret.
5:00 of 2nd period - Snap shot by David Clarkson.
5:00 of 2nd period - Shot Hit the Post.
5:07 of 2nd period - Icing by Tim Kennedy.
5:08 of 2nd period - Marc-Antoine Pouliot wins face-off versus Jordan Nolan in Ice Dragons zone.
5:31 of 2nd period - Slapshot by Marc-Antoine Pouliot.
5:31 of 2nd period - Stopped by Richard Bachman without a rebound.
5:32 of 2nd period - Jarret Stoll wins face-off versus Martin Hanzal in Monarchs zone.
5:32 of 2nd period - Jarret Stoll is hit by Cal Clutterbuck.
5:44 of 2nd period - Wrist shot by Brian Gionta.
5:44 of 2nd period - Shot Misses the Net.
5:47 of 2nd period - Peter Schaefer beats up Boris Valabik.
5:47 of 2nd period - Penalty to Boris Valabik for Fighting.
5:47 of 2nd period - Penalty to Peter Schaefer for Fighting.
5:47 of 2nd period - Penalty to Peter Schaefer for instigated a fight.
5:47 of 2nd period - Penalty to Peter Schaefer for instigated a fight.
5:48 of 2nd period - Brian Gionta wins face-off versus Martin Hanzal in Ice Dragons zone.
6:22 of 2nd period - Snap shot by Nigel Dawes.
6:22 of 2nd period - Goal by Nigel Dawes - Monarchs : 1 - Ice Dragons : 1.
6:23 of 2nd period - Jordan Nolan wins face-off versus Martin Hanzal in neutral zone.
6:30 of 2nd period - Slapshot by Keith Ballard.
6:30 of 2nd period - Stopped by Justin Pogge with a rebound.
6:32 of 2nd period - Slapshot by Keith Ballard.
6:32 of 2nd period - Stopped by Justin Pogge with a rebound.
6:34 of 2nd period - Slapshot by Kyle Okposo.
6:34 of 2nd period - Deflect By James Van Riemsdyk.
6:34 of 2nd period - Goal by James Van Riemsdyk - Monarchs : 2 - Ice Dragons : 1.
6:35 of 2nd period - Jordan Nolan wins face-off versus Martin Hanzal in neutral zone.
7:02 of 2nd period - Shawn Belle is hit by Kris Beech and loses puck.
7:21 of 2nd period - Matt Walker is hit by Cody Eakin and loses puck.
7:44 of 2nd period - Jeff Tambellini is hit by James Van Riemsdyk and loses puck.
7:57 of 2nd period - Wrist shot by Kris Beech.
7:57 of 2nd period - Shot Misses the Net.
7:59 of 2nd period - Wrist shot by Kris Beech.
7:59 of 2nd period - Deflect By Niklas Sundstrom.
7:59 of 2nd period - Shot Misses the Net.
7:59 of 2nd period - Puck is out of play.
8:00 of 2nd period - Kris Beech wins face-off versus Cody Eakin in Monarchs zone.
8:32 of 2nd period - Wrist shot by Brock Trotter.
8:32 of 2nd period - Shot Blocked by Eric Mestery.
8:34 of 2nd period - Snap shot by Richard Park.
8:34 of 2nd period - Shot Blocked by Kris Beech.
8:36 of 2nd period - Snap shot by Cody Eakin.
8:36 of 2nd period - Stopped by Justin Pogge with a rebound.
8:38 of 2nd period - Wrist shot by Brock Trotter.
8:38 of 2nd period - Stopped by Justin Pogge with a rebound.
8:40 of 2nd period - Slapshot by Frederic St-Denis.
8:40 of 2nd period - Shot Misses the Net.
8:44 of 2nd period - Snap shot by Brock Trotter.
8:44 of 2nd period - Deflect By Richard Park.
8:44 of 2nd period - Goal by Richard Park - Monarchs : 3 - Ice Dragons : 1.
8:45 of 2nd period - Jordan Nolan wins face-off versus Cal Clutterbuck in neutral zone.
9:01 of 2nd period - Icing by Keith Ballard.
9:02 of 2nd period - Jordan Nolan wins face-off versus Kris Beech in Monarchs zone.
9:11 of 2nd period - Slapshot by Jordan Nolan.
9:11 of 2nd period - Shot Misses the Net.
9:13 of 2nd period - Wrist shot by Kyle Okposo.
9:13 of 2nd period - Shot Misses the Net.
9:18 of 2nd period - Minor Penalty to Niklas Sundstrom for Hooking.
9:19 of 2nd period - Tim Kennedy wins face-off versus James Van Riemsdyk in Ice Dragons zone.
10:47 of 2nd period - Penalty to Boris Valabik is over, Boris Valabik is back on ice.
11:18 of 2nd period - Penalty to Niklas Sundstrom is over, Niklas Sundstrom is back on ice.
11:29 of 2nd period - Richard Park is hit by Martin Hanzal and loses puck.
11:34 of 2nd period - Wrist shot by Martin Hanzal.
11:34 of 2nd period - Shot Misses the Net.
12:12 of 2nd period - Minor Penalty to Shawn Belle for Interference.
12:13 of 2nd period - Brian Gionta wins face-off versus Martin Hanzal in Monarchs zone.
12:27 of 2nd period - Frederic St-Denis is hit by Kevin Klein.
12:31 of 2nd period - Brock Trotter is hit by Mats Zuccarello and loses puck.
13:22 of 2nd period - Matt Irwin is hit by Jeff Tambellini and loses puck.
14:12 of 2nd period - Penalty to Shawn Belle is over, Shawn Belle is back on ice.
14:18 of 2nd period - Snap shot by Brad Staubitz.
14:18 of 2nd period - Stopped by Richard Bachman with a rebound.
14:20 of 2nd period - Wrist shot by Marc-Antoine Pouliot.
14:20 of 2nd period - Stopped by Richard Bachman with a rebound.
14:40 of 2nd period - Boris Valabik is hit by Kyle Okposo and loses puck.
15:47 of 2nd period - 10 Minutes Game Misconduct Penalty to Peter Schaefer is over.
15:53 of 2nd period - Shawn Belle is hit by Boris Valabik and loses puck.
16:47 of 2nd period - Shean Donovan is hit by Kyle Okposo and loses puck.
17:57 of 2nd period - Kevin Klein is hit by Jordan Nolan and loses puck.
18:18 of 2nd period - Shawn Belle is hit by Martin Hanzal and loses puck.
18:31 of 2nd period - Shawn Belle is hit by Shean Donovan and loses puck.
18:32 of 2nd period - Shawn Belle from Monarchs is injured at 18:32 of 2nd period (Strained Left Elbow).
18:33 of 2nd period - Martin Hanzal wins face-off versus Jordan Nolan in Monarchs zone.
18:34 of 2nd period - Snap shot by Jeff Tambellini.
18:34 of 2nd period - Shot Misses the Net.
18:40 of 2nd period - Wrist shot by Jeff Tambellini.
18:40 of 2nd period - Stopped by Richard Bachman with a rebound.
18:48 of 2nd period - Slapshot by Jeff Tambellini.
18:48 of 2nd period - Stopped by Richard Bachman with a rebound.
19:21 of 2nd period - Wrist shot by Brad Staubitz.
19:21 of 2nd period - Stopped by Richard Bachman with a rebound.
19:23 of 2nd period - Slapshot by Tyler Eckford.
19:23 of 2nd period - Stopped by Richard Bachman without a rebound.
19:24 of 2nd period - Marc-Antoine Pouliot wins face-off versus Jordan Nolan in Monarchs zone.
19:25 of 2nd period - Snap shot by Tim Kennedy.
19:25 of 2nd period - Shot Blocked by Jake Muzzin.
19:39 of 2nd period - Slapshot by Jordan Nolan.
19:39 of 2nd period - Shot Misses the Net.
19:55 of 2nd period - Wrist shot by Jeff Tambellini.
19:55 of 2nd period - Shot Misses the Net.
19:57 of 2nd period - Slapshot by Tyler Eckford.
19:57 of 2nd period - Stopped by Richard Bachman with a rebound.
19:59 of 2nd period - Snap shot by Jeff Tambellini.
19:59 of 2nd period - Deflect By Cal Clutterbuck.
19:59 of 2nd period - Shot Misses the Net.
19:59 of 2nd period - Puck is out of play.
Goals for this period are 2 for Monarchs vs 1 for Ice Dragons.
Shots for this period are 10 for Monarchs vs 10 for Ice Dragons.
3rd period
0:01 of 3rd period - Kyle Okposo wins face-off versus Jeff Tambellini in neutral zone.
0:04 of 3rd period - Keith Ballard is hit by Martin Hanzal and loses puck.
0:11 of 3rd period - Snap shot by Jeff Tambellini.
0:11 of 3rd period - Stopped by Richard Bachman with a rebound.
0:13 of 3rd period - Slapshot by Kevin Klein.
0:13 of 3rd period - Shot Misses the Net.
0:15 of 3rd period - Wrist shot by Jeff Tambellini.
0:15 of 3rd period - Shot Blocked by Kyle Okposo.
0:25 of 3rd period - Kris Beech is hit by Jarret Stoll and loses puck.
0:43 of 3rd period - Icing by Kevin Klein.
0:44 of 3rd period - Cody Eakin wins face-off versus Patrick O'Sullivan in Ice Dragons zone.
0:53 of 3rd period - Slapshot by Richard Park.
0:53 of 3rd period - Stopped by Justin Pogge with a rebound.
1:16 of 3rd period - Icing by Matt Irwin.
1:17 of 3rd period - Martin Hanzal wins face-off versus Cody Eakin in Monarchs zone.
1:18 of 3rd period - Slapshot by Jeff Tambellini.
1:18 of 3rd period - Deflect By Keith Ballard.
1:18 of 3rd period - Goal by Jeff Tambellini - Monarchs : 3 - Ice Dragons : 2.
1:19 of 3rd period - Martin Hanzal wins face-off versus Jordan Nolan in neutral zone.
1:28 of 3rd period - Snap shot by Cal Clutterbuck.
1:28 of 3rd period - Shot Misses the Net.
1:54 of 3rd period - Slapshot by Kevin Klein.
1:54 of 3rd period - Deflect By Mats Zuccarello.
1:54 of 3rd period - Stopped by Richard Bachman with a rebound.
3:04 of 3rd period - Snap shot by Mats Zuccarello.
3:04 of 3rd period - Deflect By Niklas Sundstrom.
3:04 of 3rd period - Stopped by Richard Bachman without a rebound.
3:05 of 3rd period - Kris Beech wins face-off versus Jarret Stoll in Monarchs zone.
3:49 of 3rd period - Jonathan Blum is hit by Peter Schaefer and loses puck.
4:06 of 3rd period - Wrist shot by Kris Beech.
4:06 of 3rd period - Stopped by Richard Bachman with a rebound.
4:34 of 3rd period - Slapshot by Brian Gionta.
4:34 of 3rd period - Stopped by Justin Pogge without a rebound.
4:35 of 3rd period - Jordan Nolan wins face-off versus Martin Hanzal in Ice Dragons zone.
5:21 of 3rd period - Danny Syvret is hit by Jordan Nolan.
5:27 of 3rd period - Snap shot by Marc-Antoine Pouliot.
5:27 of 3rd period - Stopped by Richard Bachman with a rebound.
6:48 of 3rd period - Slapshot by Martin Hanzal.
6:48 of 3rd period - Stopped by Richard Bachman with a rebound.
9:31 of 3rd period - Snap shot by Shean Donovan.
9:31 of 3rd period - Stopped by Richard Bachman without a rebound.
9:32 of 3rd period - Patrick O'Sullivan wins face-off versus Cody Eakin in Monarchs zone.
9:59 of 3rd period - Jeff Tambellini is hit by Jordan Nolan.
10:15 of 3rd period - Snap shot by Richard Park.
10:15 of 3rd period - Stopped by Justin Pogge without a rebound.
10:16 of 3rd period - Kris Beech wins face-off versus Jordan Nolan in Ice Dragons zone.
11:07 of 3rd period - Wrist shot by David Clarkson.
11:07 of 3rd period - Shot Misses the Net.
11:19 of 3rd period - Boris Valabik is hit by James Van Riemsdyk and loses puck.
11:32 of 3rd period - Kevin Klein is hit by Brian Gionta and loses puck.
11:53 of 3rd period - Snap shot by Brock Trotter.
11:53 of 3rd period - Shot Misses the Net.
11:55 of 3rd period - Wrist shot by Cody Eakin.
11:55 of 3rd period - Stopped by Justin Pogge with a rebound.
12:19 of 3rd period - Matt Walker is hit by Cody Eakin and loses puck.
12:43 of 3rd period - Marc-Antoine Pouliot is hit by Kyle Okposo and loses puck.
12:56 of 3rd period - Kris Beech is hit by Cody Eakin and loses puck.
13:07 of 3rd period - Niklas Sundstrom is hit by Brian Gionta and loses puck.
15:10 of 3rd period - Matt Irwin is hit by Mats Zuccarello and loses puck.
15:39 of 3rd period - Backhand shot by Nigel Dawes.
15:39 of 3rd period - Stopped by Richard Bachman with a rebound.
15:49 of 3rd period - Danny Syvret is hit by Brian Gionta and loses puck.
17:10 of 3rd period - Icing by Jarret Stoll.
17:11 of 3rd period - Jarret Stoll wins face-off versus Patrick O'Sullivan in Monarchs zone.
17:47 of 3rd period - Danny Syvret is hit by David Clarkson and loses puck.
18:12 of 3rd period - Slapshot by Martin Hanzal.
18:12 of 3rd period - Stopped by Richard Bachman without a rebound.
18:13 of 3rd period - Patrick O'Sullivan wins face-off versus Jordan Nolan in Monarchs zone.
18:16 of 3rd period - Snap shot by Nigel Dawes.
18:16 of 3rd period - Stopped by Richard Bachman with a rebound.
18:56 of 3rd period - Snap shot by Peter Schaefer.
18:56 of 3rd period - Stopped by Justin Pogge with a rebound.
19:28 of 3rd period - Backhand shot by Peter Schaefer.
19:28 of 3rd period - Goal by Peter Schaefer - Monarchs : 4 - Ice Dragons : 2.
19:29 of 3rd period - Martin Hanzal wins face-off versus Brock Trotter in neutral zone.
19:31 of 3rd period - Minor Penalty to Mats Zuccarello for Slashing.
19:32 of 3rd period - Niklas Sundstrom wins face-off versus Jordan Nolan in Ice Dragons zone.
19:42 of 3rd period - Wrist shot by James Van Riemsdyk.
19:42 of 3rd period - Shot Blocked by Shean Donovan.
Goals for this period are 1 for Monarchs vs 1 for Ice Dragons.
Shots for this period are 6 for Monarchs vs 11 for Ice Dragons.
Output by the SimonT Hockey Simulator (STHS) for François Prévost -- Original Page W3C XHTML 1.0 Valid